 Dungeon Crawl Stone Soup version 0.31.0 (webtiles) character file.

Game seed: 52663680581426767

3451 qw the Protected (level 10, -6/60 HPs)
             Began as a Gargoyle Hunter on Jan 19, 2024.
             Was a Follower of Okawaru.
             Mangled by a skeletal warrior
             ... wielding a +5 vampiric rapier
              (8 damage)
             ... on level 7 of the Dungeon.
             The game lasted 00:00:39 (5465 turns).

qw the Protected (Gargoyle Hunter)                  Turns: 5465, Time: 00:00:40

Health: -6/60      AC: 19    Str: 14    XL:     10   Next: 6%
Magic:  5/11       EV: 16    Int: 11    God:    Okawaru [*.....]
Gold:   71         SH:  0    Dex: 17    Spells: 9/9 levels left

rFire   . . .        a - +2 shortbow
rCold   . . .        (shield currently unavailable)
rNeg    + + .        b - +2 robe {rN+}
rPois   inf          (no helmet)
rElec   +            (no cloak)
rCorr   .            l - +1 pair of gloves
SInv    .            (no boots)
Will    .....        (no amulet)
Stlth   +++          h - +4 ring of protection
HPRegen 0.30/turn    (no ring)
MPRegen 0.12/turn

%: no passive effects
@: about to teleport, heroic
A: sickness immunity, AC +7, negative energy resistance 1, electricity
resistance, torment resistance 1, petrification resistance
a: Renounce Religion, Heroism


You were on level 7 of the Dungeon.
You worshipped Okawaru.
Okawaru was aware of your devotion.
You visited 2 branches of the dungeon, and saw 8 of its levels.
You also visited: Sewer.

You collected 375 gold pieces.
You spent 304 gold pieces at shops.


Innate Abilities, Weirdness & Mutations

You are immune to sickness and miasma.
Your stone body is resilient. (AC +7)
You are immune to poison.
You resist negative energy. (rN+)
You are resistant to electric shocks. (rElec)
You are resistant to unholy torment.
You are immune to petrification.


   Skills:
 - Level 6.1(11.1) Fighting
 + Level 9.7(14.7) Ranged Weapons
 - Level 12.9(17.9) Armour
 - Level 2.0(7.0) Dodging
 - Level 1.1(6.1) Stealth
 + Level 2.1 Invocations


You had 9 spell levels left.
You didn't know any spells.
Your spell library was empty.

Inventory:

Hand Weapons
 a - a +2 shortbow (weapon)
Armour
 b - a +2 robe of positive energy (worn)
 l - a +1 pair of gloves (worn)
 p - a +2 leather armour of fire resistance
 q - a +0 pair of boots
 r - +0 swamp dragon scales
Jewellery
 h - a +4 ring of protection (left hand)
Wands
 f - a wand of mindburst (5)
 i - a wand of roots (6)
Potions
 c - 2 potions of mutation {unknown}
 d - a potion of might {unknown}
 e - 3 potions of curing
 g - a potion of berserk rage {unknown}
 j - a potion of haste {unknown}
 k - a potion of lignification {unknown}
 o - a potion of enlightenment

Dungeon Overview and Level Annotations

Branches:
Dungeon (7/15)             Temple (1/1) D:5           Sewer (visited)

Altars:
Ashenzari
Cheibriados
Dithmenos
Elyvilon
Fedhas
Gozag
Hepliaklqana
Kikubaaqudgha
Makhleb
Nemelex Xobeh
Okawaru
Qazlal
Ru
Sif Muna
Trog
Uskayaw
Vehumet
Wu Jian
Xom
Yredelemnul

Shops:
D:1 [   D:7 [


Message History

Enter note:
Enter note:
Enter note:
Enter note:
Enter note:
Enter note:
Enter note:
5460 ||| RETREEEEATING.
The two-headed ogre shouts in stereo!
The water moccasin hisses angrily.
The skeletal warrior attacks as it pursues you!
The skeletal warrior hits you with a +5 vampiric rapier.
The wight hits you with a +3 dagger of freezing.
The wight freezes you.
You shoot an arrow. The arrow hits the two-headed ogre.
The two-headed ogre is lightly wounded.
You feel like a meek peon again.
5462 ||| INVOKING Heroism.
You gain the combat prowess of a mighty hero.
The two-headed ogre hits you with a +0 giant club!!
The two-headed ogre misses you. The wight completely misses you.
The skeletal warrior misses you.
5463 ||| READING scroll of teleportation.
As you read the scroll of teleportation, it crumbles to dust.
You feel strangely unstable. The wight closely misses you.
The skeletal warrior completely misses you.
The two-headed ogre barely misses you.
The two-headed ogre completely misses you.
You shoot an arrow. The arrow hits the two-headed ogre!
The two-headed ogre is moderately wounded.
A boulder beetle comes into view.
The wight misses you.
The skeletal warrior hits you but does no damage.
You shoot an arrow.
The arrow hits the two-headed ogre but does no damage.
The two-headed ogre is moderately wounded.
The two-headed ogre barely misses you. The two-headed ogre closely misses you.
The wight misses you.
The skeletal warrior hits you with a +5 vampiric rapier!
You die...

##........?####.###
#....[......#.....
.#...........#.[
C.# ...............
.B #...........#
#.....s.....#
##......S..##
##....Ozz##
##...B@## ###.###
.... ##.## ##


You could see a boulder beetle, a skeletal warrior, a two-headed ogre, a water
moccasin, a scorpion and a wight.

Vanquished Creatures
  Pikel (D:4)
  Maggie (D:7)
  Grinder (D:5)
  A yak (D:7)
  A vampire mosquito (D:7)
  Menkaure (D:6)
  A steam dragon (D:6)
  2 water moccasins
  An orc warrior (D:6)
  An ice beast (D:5)
  2 black bears
  A lemure (D:4)
  A phantom (D:6)
  4 bullfrogs
  4 scorpions
  A bombardier beetle (D:5)
  A jelly (D:4)
  3 orc priests
  Terence (D:3)
  A sleepcap (D:7)
  5 orc wizards
  13 adders
  8 gnolls
  3 river rats (Sewer)
  2 white imps (D:7)
  2 ufetubi (D:6)
  2 dart slugs
  A ribbon worm (D:4)
  31 orcs
  24 ball pythons
  8 endoplasms
  4 giant cockroaches
  8 goblins
  3 hobgoblins
  5 jackals (D:1)
  5 kobolds
  2 quokkas (D:2)
  4 bats
  5 frilled lizards
  26 rats
191 creatures vanquished.

Notes
Turn   | Place    | Note
-------+----------+-------------------------------------------
     0 | D:1      | qw the Gargoyle Hunter began the quest for the Orb.
     0 | D:1      | Reached XP level 1. HP: 12/12 MP: 1/1
     0 | D:1      | 0 ||| qw: Version: 0.3-a-132-g3d54051
     0 | D:1      | 0 ||| qw: Game counter: 384
     0 | D:1      | 0 ||| qw: Melee chars always use a shield: true
     0 | D:1      | 0 ||| qw: God list: Okawaru
     0 | D:1      | 0 ||| qw: Allow faded altars: false
     0 | D:1      | 0 ||| qw: Do Orc after clearing Dungeon:15 true
     0 | D:1      | 0 ||| qw: Do second Lair branch before Depths: true
     0 | D:1      | 0 ||| qw: Lair rune preference: random
     0 | D:1      | 0 ||| qw: Goals: Normal
     0 | D:1      | 0 ||| PLANNING D:1-11
   106 | D:1      | Reached XP level 2. HP: 11/17 MP: 2/2
   130 | D:1      | Found Kimamuph's Antique Armour Shop.
   133 | D:1      | 133 ||| DROPPING scroll of butterflies.
   148 | D:1      | 148 ||| SHOPLISTING encrusted ring mail (288 gold, have 0).
   148 | D:1      | 148 ||| SHOPLISTING helmet (144 gold, have 0).
   148 | D:1      | 148 ||| SHOPLISTING ring mail (128 gold, have 0).
   148 | D:1      | 148 ||| SHOPLISTING shiny ring mail (224 gold, have 0).
   285 | D:1      | Reached XP level 3. HP: 21/21 MP: 3/3
   748 | D:1      | 748 ||| UPGRADING to +4 ring of protection.
   749 | D:1      | 749 ||| READING scroll labelled OTUOLA NUAMI.
   806 | D:2      | 806 ||| STAIRDANCE
   811 | D:2      | 811 ||| STAIRDANCE
   818 | D:2      | 818 ||| STAIRDANCE
   917 | D:2      | Reached skill level 3 in Fighting
  1071 | D:2      | Reached XP level 4. HP: 28/28 MP: 4/4
  1072 | D:2      | Found a faded altar of an unknown god.
  1110 | D:2      | 1110 ||| DROPPING ring of flight.
  1111 | D:2      | 1111 ||| READING 4 scrolls labelled DAABI ILEI.
  1112 | D:2      | 1112 ||| DRINKING 3 bubbling silvery potions.
  1113 | D:2      | 1113 ||| DROPPING 3 scrolls of noise.
  1304 | D:3      | 1304 ||| FLEEEEING.
  1376 | D:3      | Noticed Terence
  1390 | D:3      | Killed Terence
  1469 | D:3      | HP: 2/28 [orc/+0 war axe (8)]
  1470 | D:3      | 1470 ||| DRINKING 2 potions of heal wounds.
  1475 | D:3      | 1475 ||| FLEEEEING.
  1533 | D:3      | HP: 6/28 [orc wizard/puff of flame (6)]
  1534 | D:3      | 1534 ||| DRINKING potion of heal wounds.
  1545 | D:3      | Reached XP level 5. HP: 32/32 MP: 5/5
  1631 | D:3      | Reached skill level 6 in Ranged Weapons
  2164 | D:3      | 2164 ||| UPGRADING to +0 ring mail.
  2174 | D:3      | 2174 ||| DROPPING +0 leather armour.
  2175 | D:3      | 2175 ||| UPGRADING to +0 pair of gloves.
  2180 | D:3      | 2180 ||| READING 3 scrolls labelled ZEFRED GUMY.
  2181 | D:3      | 2181 ||| FLEEEEING.
  2185 | D:3      | 2185 ||| READING scroll labelled NIGOOG XUEWNI.
  2185 | D:3      | 2185 ||| IDENTIFYING fuming coppery potion
  2186 | D:3      | 2186 ||| DRINKING potion of experience.
  2186 | D:3      | Reached skill level 12 in Armour
  2186 | D:3      | Reached XP level 6. HP: 37/37 MP: 6/6
  2211 | D:4      | 2211 ||| PLANNING SEWER
  2318 | D:4      | Noticed a black bear
  2319 | D:4      | 2319 ||| ZAPPING wand of mindburst (5) at -7,0 (black bear;
                  | floor).
  2325 | D:4      | 2325 ||| RETREEEEATING.
  2326 | D:4      | 2326 ||| RETREEEEATING.
  2327 | D:4      | 2327 ||| RETREEEEATING.
  2328 | D:4      | 2328 ||| RETREEEEATING.
  2329 | D:4      | 2329 ||| RETREEEEATING.
  2330 | D:4      | 2330 ||| RETREEEEATING.
  2331 | D:4      | 2331 ||| RETREEEEATING.
  2332 | D:4      | 2332 ||| RETREEEEATING.
  2333 | D:4      | 2333 ||| ZAPPING wand of mindburst (4) at 1,0 (black bear;
                  | floor).
  2334 | D:4      | 2334 ||| ZAPPING wand of mindburst (3) at 1,0 (black bear;
                  | floor).
  2334 | D:4      | Killed a black bear
  2341 | D:4      | Reached XP level 7. HP: 24/43 MP: 7/7
  2341 | D:4      | 2341 ||| FLEEEEING.
  2351 | D:4      | 2351 ||| STAIRDANCE
  2532 | D:4      | Found a glowing drain.
  2545 | Sewer    | Entered a sewer
  2804 | Sewer    | 2804 ||| RETREEEEATING.
  2806 | Sewer    | 2806 ||| RETREEEEATING.
  2807 | Sewer    | 2807 ||| RETREEEEATING.
  2808 | Sewer    | 2808 ||| RETREEEEATING.
  2809 | Sewer    | 2809 ||| RETREEEEATING.
  2810 | Sewer    | 2810 ||| RETREEEEATING.
  2811 | Sewer    | 2811 ||| RETREEEEATING.
  2812 | Sewer    | 2812 ||| RETREEEEATING.
  2813 | Sewer    | 2813 ||| RETREEEEATING.
  2819 | Sewer    | HP: 8/43 [bullfrog (6)]
  2820 | Sewer    | 2820 ||| READING 2 scrolls of teleportation.
  2821 | Sewer    | 2821 ||| DRINKING 2 potions of heal wounds.
  2943 | Sewer    | 2943 ||| READING scroll labelled DORI ETUWUUDOYCWING.
  2944 | Sewer    | 2944 ||| READING scroll labelled ROXESE OFEOSE.
  2944 | Sewer    | 2944 ||| ENCHANTING +0 shortbow.
  2945 | Sewer    | 2945 ||| READING scroll labelled ETZIYN ZEOCVU.
  2945 | Sewer    | 2945 ||| ENCHANTING +0 pair of gloves.
  2946 | Sewer    | 2946 ||| DRINKING 2 dark potions.
  2947 | Sewer    | 2947 ||| DRINKING 2 grey potions.
  2948 | Sewer    | 2948 ||| DRINKING 3 ruby potions.
  2949 | Sewer    | 2949 ||| DRINKING 2 brown potions.
  2950 | Sewer    | 2950 ||| DROPPING potion of magic.
  2951 | Sewer    | 2951 ||| DROPPING 2 potions of brilliance.
  2955 | D:4      | 2955 ||| PLANNING D:1-11
  2971 | D:4      | 2971 ||| FLEEEEING.
  2982 | D:4      | 2982 ||| FLEEEEING.
  2993 | D:4      | 2993 ||| FLEEEEING.
  3004 | D:4      | 3004 ||| FLEEEEING.
  3008 | D:4      | HP: 7/43 [orc wizard/magic dart (7)]
  3009 | D:4      | 3009 ||| READING scroll of teleportation.
  3010 | D:4      | 3010 ||| DRINKING 3 potions of heal wounds.
  3011 | D:4      | 3011 ||| FLEEEEING.
  3012 | D:4      | 3012 ||| FLEEEEING.
  3317 | D:4      | Reached XP level 8. HP: 48/48 MP: 8/8
  3376 | D:4      | Noticed Pikel
  3377 | D:4      | 3377 ||| ZAPPING wand of mindburst (2) at -7,0 (Pikel;
                  | floor).
  3378 | D:4      | 3378 ||| RETREEEEATING.
  3379 | D:4      | 3379 ||| ZAPPING wand of mindburst (1) at -6,0 (Pikel;
                  | floor).
  3386 | D:4      | Killed Pikel
  3518 | D:4      | 3518 ||| UPGRADING to +2 robe of positive energy.
  3528 | D:4      | 3528 ||| DROPPING +0 ring mail.
  3529 | D:4      | 3529 ||| READING scroll labelled BAAPSIECWA.
  3559 | D:5      | Entered Level 5 of the Dungeon
  3565 | D:5      | 3565 ||| STAIRDANCE
  3575 | D:4      | 3575 ||| FLEEEEING.
  3601 | D:5      | Noticed Grinder
  3608 | D:5      | 3608 ||| ZAPPING wand of mindburst (15) at 7,-3 (Grinder;
                  | floor).
  3609 | D:5      | 3609 ||| ZAPPING wand of mindburst (14) at 6,-2 (Grinder;
                  | floor).
  3609 | D:5      | Paralysed by Grinder for 4 turns
  3613 | D:5      | 3613 ||| ZAPPING wand of mindburst (13) at 0,3 (Grinder;
                  | floor).
  3613 | D:5      | Killed Grinder
  3619 | D:5      | 3619 ||| READING scroll of enchant weapon.
  3619 | D:5      | 3619 ||| ENCHANTING +1 shortbow.
  3621 | D:5      | Found an opulent altar of Gozag.
  3636 | D:5      | Reached XP level 9. HP: 53/53 MP: 9/9
  3656 | D:5      | 3656 ||| RETREEEEATING.
  3657 | D:5      | 3657 ||| ZAPPING wand of mindburst (12) at -1,-1 (black
                  | bear; floor).
  3658 | D:5      | 3658 ||| RETREEEEATING.
  3659 | D:5      | 3659 ||| RETREEEEATING.
  3660 | D:5      | 3660 ||| ZAPPING wand of mindburst (11) at -1,-1 (black
                  | bear; floor).
  3850 | D:5      | Found a staircase to the Ecumenical Temple.
  3851 | D:5      | 3851 ||| PLANNING TEMPLE
  3862 | Temple   | Entered the Ecumenical Temple
  3863 | Temple   | 3863 ||| PLANNING D:1-11
  4071 | D:6      | Found an iron altar of Okawaru.
  4072 | D:6      | 4072 ||| PLANNING OKAWARU WORSHIP
  4072 | D:6      | 4072 ||| READING scroll labelled ORAERCH JUNAMEU.
  4080 | D:6      | Became a worshipper of Warmaster Okawaru
  4081 | D:6      | 4081 ||| PLANNING D:1-11
  4178 | D:6      | Reached skill level 9 in Ranged Weapons
  4249 | D:6      | 4249 ||| FLEEEEING.
  4252 | D:6      | 4252 ||| STAIRDANCE
  4441 | D:6      | HP: 7/54 [orc warrior/+0 battleaxe (11)]
  4442 | D:6      | 4442 ||| DRINKING 2 potions of heal wounds.
  4443 | D:6      | 4443 ||| DRINKING potion of heal wounds.
  4449 | D:6      | HP: 13/54 [orc priest/divine providence (16)]
  4459 | D:6      | 4459 ||| FLEEEEING.
  4619 | D:6      | Noticed Menkaure
  4625 | D:6      | Killed Menkaure
  4662 | D:6      | 4662 ||| Stepping ~*~*~tactically~*~*~ (cloud).
  4663 | D:6      | 4663 ||| Stepping ~*~*~tactically~*~*~ (cloud).
  4664 | D:6      | 4664 ||| Stepping ~*~*~tactically~*~*~ (cloud).
  4668 | D:6      | 4668 ||| Stepping ~*~*~tactically~*~*~ (cloud).
  4675 | D:6      | Reached skill level 6 in Fighting
  4675 | D:6      | 4675 ||| FLEEEEING.
  5115 | D:7      | Found a sparkling altar of Nemelex Xobeh.
  5199 | D:7      | Found a white marble altar of Elyvilon.
  5213 | D:7      | Found Teell's Antique Armour Emporium.
  5213 | D:7      | Identified the +2 scale mail of the Distant Future {rF+
                  | Str+4}
  5225 | D:7      | 5225 ||| BUYING dyed leather armour (160 gold).
  5225 | D:7      | Bought a dyed leather armour for 160 gold pieces
  5225 | D:7      | 5225 ||| BUYING pair of boots (144 gold).
  5225 | D:7      | Bought a pair of boots for 144 gold pieces
  5225 | D:7      | 5225 ||| SHOPLISTING pair of runed gloves (240 gold, have
                  | 40).
  5225 | D:7      | 5225 ||| SHOPLISTING shiny ring mail (224 gold, have 40).
  5341 | D:7      | Noticed Maggie
  5342 | D:7      | 5342 ||| ZAPPING wand of mindburst (10) at -7,1 (Maggie;
                  | floor).
  5343 | D:7      | 5343 ||| ZAPPING wand of mindburst (9) at -6,0 (Maggie;
                  | floor).
  5344 | D:7      | 5344 ||| ZAPPING wand of mindburst (8) at -5,0 (Maggie;
                  | floor).
  5345 | D:7      | 5345 ||| ZAPPING wand of mindburst (7) at -4,0 (Maggie;
                  | floor).
  5346 | D:7      | 5346 ||| ZAPPING wand of mindburst (6) at -3,0 (Maggie;
                  | floor).
  5346 | D:7      | Killed Maggie
  5346 | D:7      | Reached * piety under Okawaru
  5354 | D:7      | Found a shadowy altar of Dithmenos.
  5355 | D:7      | Found a snail-covered altar of Cheibriados.
  5356 | D:7      | Found a hazy altar of Hepliaklqana.
  5364 | D:7      | Found a broken altar of Ashenzari.
  5414 | D:7      | Noticed a cyclops
  5415 | D:7      | 5415 ||| INVOKING Heroism.
  5415 | D:7      | Noticed a cyclops
  5415 | D:7      | Noticed a boulder beetle
  5416 | D:7      | 5416 ||| RETREEEEATING.
  5417 | D:7      | 5417 ||| RETREEEEATING.
  5423 | D:7      | 5423 ||| RETREEEEATING.
  5424 | D:7      | 5424 ||| RETREEEEATING.
  5425 | D:7      | 5425 ||| RETREEEEATING.
  5426 | D:7      | 5426 ||| RETREEEEATING.
  5428 | D:7      | 5428 ||| INVOKING Heroism.
  5436 | D:7      | Reached skill level 1 in Invocations
  5444 | D:7      | Reached XP level 10. HP: 33/60 MP: 7/11
  5444 | D:7      | 5444 ||| INVOKING Heroism.
  5452 | D:7      | HP: 11/60 [cyclops/large rock (17)]
  5453 | D:7      | 5453 ||| READING 2 scrolls of teleportation.
  5454 | D:7      | 5454 ||| DRINKING potion of heal wounds.
  5457 | D:7      | Noticed a skeletal warrior
  5457 | D:7      | Noticed a two-headed ogre
  5458 | D:7      | 5458 ||| RETREEEEATING.
  5459 | D:7      | 5459 ||| RETREEEEATING.
  5460 | D:7      | 5460 ||| RETREEEEATING.
  5462 | D:7      | 5462 ||| INVOKING Heroism.
  5462 | D:7      | HP: 1/60 [two-headed ogre/+0 giant club (27)]
  5463 | D:7      | 5463 ||| READING scroll of teleportation.
  5464 | D:7      | Noticed a boulder beetle
  5465 | D:7      | Mangled by a skeletal warrior

Levels and vault maps discovered:
D:1:      amcnicky_arrival_flooded_fountain, layout_basic, serial_shops,
          nicolae_square_shop
D:2:      layout_rooms, ebering_ecumenical_altar_sacrificial
D:3:      layout_basic, chequers_serial_rivers_micro_b, uniq_terence
D:4:      layout_loops_cross, portal_sewer_entry_a, uniq_pikel
D:5:      layout_rooms, grunt_gozag_statues, minmay_temple_entry_mini_moons,
          uniq_grinder
D:6:      layout_basic, okawaru_gym_becter, uniq_menkaure
D:7:      minmay_the_grid_octo_tiled_squarecenter
          [minmay_the_grid_octo_tetromino_candy, minmay_the_grid_octo_empty,
          minmay_the_grid_octo_checkerflower, minmay_the_grid_octo_clover_2,
          minmay_the_grid_square_5x5_megaprize_open,
          minmay_the_grid_square_5x5_n, minmay_the_grid_square_5x5_slash,
          minmay_the_grid_square_5x5_minimal,
          minmay_the_grid_square_5x5_fancy_junction], layout_basic,
          lemuel_round_altar, chequers_temple_overflow_statue_of_worship,
          mainiacjoe_overflow_catwalk, nemelex_spade_bored_becter, serial_shops,
          nicolae_shop_overgrown_old_shop, dreamdust_wishing_well,
          minmay_manual_mess, uniq_maggie, uniq_joseph
Temple:   nicolae_temple_slightly_damp_pantheon

Skill      XL: |  1  2  3  4  5  6  7  8  9 10 |
---------------+-------------------------------+-----
Ranged Weapons | 5 6 7 8 9 |  9.7
Fighting       | 3 4 6 |  6.1
Armour         | 12 | 12.9
Dodging        | 2 |  2.0
Invocations    | 1 2 |  2.1
Stealth        | |  1.1

Action                     |  1- 3 |  4- 6 |  7- 9 | 10-12 || total
---------------------------+-------+-------+-------+-------++-------
   Fire: Shortbow          |   124 |   127 |   508 |    14 ||   773
 Invoke: Heroism           |       |       |     2 |     2 ||     4
  Evoke: Wand              |       |     3 |    12 |       ||    15
    Use: Scroll            |     1 |     3 |     8 |     2 ||    14
         Potion            |       |     4 |     8 |     1 ||    13
 Armour: Leather armour    |    29 |    39 |       |       ||    68
         Ring mail         |       |    51 |   255 |       ||   306
         Robe              |       |       |   128 |     9 ||   137
  Dodge: Dodged            |    29 |    59 |   297 |    15 ||   400

Table legend:
 A = Non-vault XP
 B = Vault XP
 C = Vault XP percentage of total XP
 D = Non-vault monster count
 E = Vault monster count
 F = Vault count percentage of total count
                 A         B        C        D         E       F
            +---------+---------+-------+---------+---------+-------
      Total |    2268 |    2471 |  52.1 |     131 |      59 |  31.1
            +---------+---------+-------+---------+---------+-------
        D:1 |      55 |       0 |   0.0 |      34 |       0 |   0.0
        D:2 |      28 |       0 |   0.0 |      15 |       0 |   0.0
        D:3 |      84 |      38 |  31.1 |      14 |       1 |   6.7
        D:4 |     554 |     652 |  54.1 |      19 |       6 |  24.0
        D:5 |     663 |     286 |  30.1 |      19 |       1 |   5.0
        D:6 |     721 |     183 |  20.2 |      16 |       1 |   5.9
        D:7 |     163 |     963 |  85.5 |      14 |       6 |  30.0
      Sewer |       0 |     349 | 100.0 |       0 |      44 | 100.0
            +---------+---------+-------+---------+---------+-------
